| TOP OF THE 1ST |
|
Portland Angels batting - Pitching for Houston Colt .45's : LHP Jorge Ortiz
|
|
Pitching: LHP Jorge Ortiz
|
|
|
Batting: RHB Aaron Bryant
|
0-0: Swinging Strike 0-1: Ball 1-1: Ball 2-1: Foul Ball, location: 2F 2-2: Ball 3-2: Base on Balls
|
|
Batting: RHB Carlos Gonzales
|
0-0: Ball 1-0: Foul Ball, location: 2F 1-1: Foul Ball, location: 2F 1-2: Ball 2-2: Ball 3-2: Base on Balls Aaron Bryant to second
|
|
Batting: LHB Dave Hicks
|
0-0: Ball 1-0: Ball 2-0: Ball 3-0: Base on Balls Aaron Bryant to third Carlos Gonzales to second
|
|
Batting: RHB Dan Myers
|
0-0: Called Strike 0-1: Ball 1-1: Ball 2-1: SINGLE (Line Drive, 6M, EV 98.1 MPH) Aaron Bryant scores Carlos Gonzales to third Dave Hicks to second
|
|
Batting: LHB Ramon Garduno
|
0-0: Ball 1-0: Foul Ball, location: 2F 1-1: Swinging Strike 1-2: Hit by Pitch Carlos Gonzales scores Dave Hicks to third Dan Myers to second
|
|
Batting: SHB Danny Gelinas
|
0-0: Grounds into double play, 6-4-3 (Groundball, 6, EV 85.6 MPH) Dave Hicks scores Dan Myers to third
|
|
Batting: SHB Yuya Hirata
|
0-0: Ball 1-0: DOUBLE (Flyball, 8LXD, EV 111.9 MPH) Dan Myers scores
|
|
Batting: RHB Dan Thomey
|
0-0: Ball 1-0: SINGLE (Line Drive, 8RS, EV 100.6 MPH) Yuya Hirata to third
|
|
Batting: LHB Bill Girton
|
0-0: Called Strike 0-1: Foul Ball, location: 2F 0-2: Fly out, F8 (Flyball, 8RM, EV 91.9 MPH)
|
| Top of the 1st over - 4 runs, 3 hits, 0 errors, 2 left on base; Portland 4 - Houston 0 |
| BOTTOM OF THE 1ST |
|
Houston Colt .45's batting - Pitching for Portland Angels : RHP Dean Aspden
|
|
Pitching: RHP Dean Aspden
|
|
|
Batting: RHB Daniel Pena
|
0-0: Ball 1-0: Ground out 5-3 (Groundball, 5, EV 104.4 MPH)
|
|
Batting: LHB Bruce Arvizu
|
0-0: Foul Ball, location: 2F 0-1: Swinging Strike 0-2: Ball 1-2: Ball 2-2: Ball 3-2: Base on Balls
|
|
Batting: RHB Jason Monico
|
0-0: Ball 1-0: 2-RUN HOME RUN (Flyball, 89XD, EV 100.0 MPH), Distance : 419 ft
|
|
Batting: RHB Jarno van Lente
|
0-0: Ball 1-0: Ball 2-0: Ball 3-0: Called Strike 3-1: Base on Balls
|
|
Batting: LHB Bob Govella
|
0-0: Ball Passed Ball! Jarno van Lente to second 1-0: Foul Ball, location: 2F 1-1: Foul Ball, location: 2F 1-2: Strikes out swinging
|
|
Batting: RHB John Moore
|
0-0: Called Strike 0-1: Ball 1-1: Called Strike 1-2: Ball 2-2: Strikes out swinging
|
| Bottom of the 1st over - 2 runs, 1 hit, 0 errors, 1 left on base; Portland 4 - Houston 2 |
| TOP OF THE 2ND |
|
Portland Angels batting - Pitching for Houston Colt .45's : LHP Jorge Ortiz
|
|
Batting: RHB Aaron Bryant
|
0-0: Fly out, F8 (Flyball, 8LM, EV 84.4 MPH)
|
|
Batting: RHB Carlos Gonzales
|
0-0: Ball 1-0: Foul Ball, location: 2F 1-1: Ground out U3 (Groundball, 13, EV 81.2 MPH)
|
|
Batting: LHB Dave Hicks
|
0-0: Foul Ball, location: 2F 0-1: Ball 1-1: Ground out 6-3 (Groundball, 6, EV 78.8 MPH)
|
| Top of the 2nd over - 0 runs, 0 hits, 0 errors, 0 left on base; Portland 4 - Houston 2 |
| BOTTOM OF THE 2ND |
|
Houston Colt .45's batting - Pitching for Portland Angels : RHP Dean Aspden
|
|
Batting: SHB Terciero Ortiz
|
0-0: Called Strike 0-1: Called Strike 0-2: Foul Ball, location: 2F 0-2: Fly out, F5 (Popup, 5SF, EV 86.9 MPH)
|
|
Batting: RHB Patrick Pinault
|
0-0: Swinging Strike 0-1: Ground out 6-3 (Groundball, 6, EV 81.9 MPH)
|
|
Batting: LHB Ryan Fridley
|
0-0: Called Strike 0-1: Ball 1-1: Foul Ball, location: 2F 1-2: Foul Ball, location: 2F 1-2: Ball 2-2: Ball 3-2: SINGLE (Groundball, 6S, EV 68.1 MPH) (infield hit)
|
|
Batting: RHB Daniel Pena
|
0-0: Called Strike 0-1: Ball 1-1: Ball Wild Pitch! Ryan Fridley to second 2-1: Foul Ball, location: 2F 2-2: SINGLE (Line Drive, 7S, EV 103.8 MPH) Ryan Fridley to third
|
|
Batting: LHB Bruce Arvizu
|
0-0: Ball 1-0: Foul Ball, location: 2F 1-1: Ball 2-1: Foul Ball, location: 2F 2-2: Ball 3-2: Base on Balls Daniel Pena to second
|
|
Batting: RHB Jason Monico
|
0-0: Called Strike 0-1: Swinging Strike 0-2: Strikes out swinging
|
| Bottom of the 2nd over - 0 runs, 2 hits, 0 errors, 3 left on base; Portland 4 - Houston 2 |
| TOP OF THE 3RD |
|
Portland Angels batting - Pitching for Houston Colt .45's : LHP Jorge Ortiz
|
|
Batting: RHB Dan Myers
|
0-0: Called Strike 0-1: Ball 1-1: Fly out, F5 (Popup, 56, EV 68.8 MPH)
|
|
Batting: LHB Ramon Garduno
|
0-0: Swinging Strike 0-1: Fly out, F6 (Popup, 6D, EV 46.2 MPH)
|
|
Batting: SHB Danny Gelinas
|
0-0: Ball 1-0: Ball 2-0: Swinging Strike 2-1: Foul Ball, location: 2F 2-2: Strikes out looking
|
| Top of the 3rd over - 0 runs, 0 hits, 0 errors, 0 left on base; Portland 4 - Houston 2 |
| BOTTOM OF THE 3RD |
|
Houston Colt .45's batting - Pitching for Portland Angels : RHP Dean Aspden
|
|
Batting: RHB Jarno van Lente
|
0-0: Foul Ball, location: 2F 0-1: Ball 1-1: Ball 2-1: Foul Ball, location: 2F 2-2: Strikes out looking
|
|
Batting: LHB Bob Govella
|
0-0: Ball 1-0: Called Strike 1-1: Fly out, F7 (Flyball, 78M, EV 82.5 MPH)
|
|
Batting: RHB John Moore
|
0-0: Ball 1-0: Ball 2-0: Called Strike 2-1: Ball 3-1: Foul Ball, location: 2F 3-2: Strikes out swinging
|
| Bottom of the 3rd over - 0 runs, 0 hits, 0 errors, 0 left on base; Portland 4 - Houston 2 |
| TOP OF THE 4TH |
|
Portland Angels batting - Pitching for Houston Colt .45's : LHP Jorge Ortiz
|
|
Batting: SHB Yuya Hirata
|
0-0: Ball 1-0: Fly out, F7 (Flyball, 78S, EV 95.0 MPH)
|
|
Batting: RHB Dan Thomey
|
0-0: Ball 1-0: Foul Ball, location: 2F 1-1: Called Strike 1-2: Strikes out swinging
|
|
Batting: LHB Bill Girton
|
0-0: Foul Ball, location: 2F 0-1: Foul Ball, location: 2F 0-2: Ball 1-2: Ground out U3 (Groundball, 3, EV 100.0 MPH)
|
| Top of the 4th over - 0 runs, 0 hits, 0 errors, 0 left on base; Portland 4 - Houston 2 |
| BOTTOM OF THE 4TH |
|
Houston Colt .45's batting - Pitching for Portland Angels : RHP Dean Aspden
|
|
Batting: SHB Terciero Ortiz
|
0-0: Foul Ball, location: 2F 0-1: Ball 1-1: Ball 2-1: Ground out U3 (Groundball, 34, EV 85.6 MPH)
|
|
Batting: RHB Patrick Pinault
|
0-0: Fly out, F3 (Popup, 3D, EV 62.5 MPH)
|
|
Batting: LHB Ryan Fridley
|
0-0: Foul Ball, location: 2F 0-1: Ball 1-1: Foul Ball, location: 2F 1-2: Strikes out swinging
|
| Bottom of the 4th over - 0 runs, 0 hits, 0 errors, 0 left on base; Portland 4 - Houston 2 |
| TOP OF THE 5TH |
|
Portland Angels batting - Pitching for Houston Colt .45's : LHP Jorge Ortiz
|
|
Batting: RHB Aaron Bryant
|
0-0: Called Strike 0-1: Swinging Strike 0-2: Strikes out swinging
|
|
Batting: RHB Carlos Gonzales
|
0-0: Ball 1-0: Hit by Pitch
|
|
Batting: LHB Dave Hicks
|
0-0: Ball Wild Pitch! Carlos Gonzales to second 1-0: Fly out, F8 (Line Drive, 8LM, EV 85.0 MPH)
|
|
Batting: RHB Dan Myers
|
0-0: Ball 1-0: Reached on error, E6 (Groundball, 6D, EV 86.2 MPH) Carlos Gonzales to third
|
|
Batting: LHB Ramon Garduno
|
0-0: Called Strike 0-1: Ball Passed Ball! Carlos Gonzales scores Dan Myers to second 1-1: Ball 2-1: Ground out U3 (Groundball, 3, EV 84.4 MPH)
|
| Top of the 5th over - 1 run, 0 hits, 1 error, 1 left on base; Portland 5 - Houston 2 |
| BOTTOM OF THE 5TH |
|
Houston Colt .45's batting - Pitching for Portland Angels : RHP Dean Aspden
|
|
Batting: RHB Daniel Pena
|
0-0: Ground out 6-3 (Groundball, 6MS, EV 85.0 MPH)
|
|
Batting: LHB Bruce Arvizu
|
0-0: Foul Ball, location: 2F 0-1: Swinging Strike 0-2: Ball 1-2: Foul Ball, location: 2F 1-2: Ball 2-2: Foul Ball, location: 2F 2-2: Ball 3-2: Strikes out swinging
|
|
Batting: RHB Jason Monico
|
0-0: Foul Ball, location: 2F 0-1: Swinging Strike 0-2: Foul Ball, location: 2F 0-2: Ball 1-2: Foul Ball, location: 2F 1-2: Ball 2-2: Foul Ball, location: 2F 2-2: Strikes out swinging
|
| Bottom of the 5th over - 0 runs, 0 hits, 0 errors, 0 left on base; Portland 5 - Houston 2 |
| TOP OF THE 6TH |
|
Portland Angels batting - Pitching for Houston Colt .45's : LHP Jorge Ortiz
|
|
Batting: SHB Danny Gelinas
|
0-0: Ball 1-0: Ball 2-0: Called Strike 2-1: Foul Ball, location: 2F 2-2: Foul Ball, location: 2F 2-2: Ball 3-2: Base on Balls
|
|
Batting: SHB Yuya Hirata
|
0-0: Foul Ball, location: 2F 0-1: Fly out, F7 (Flyball, 78D, EV 96.9 MPH)
|
|
Batting: RHB Dan Thomey
|
0-0: Ball 1-0: Called Strike 1-1: Foul Ball, location: 2F 1-2: Ball 2-2: Fly out, F9 (Flyball, 9D, EV 89.4 MPH)
|
|
Batting: LHB Bill Girton
|
0-0: Ball 1-0: Foul Ball, location: 2F 1-1: Foul Ball, location: 2F 1-2: Strikes out swinging
|
| Top of the 6th over - 0 runs, 0 hits, 0 errors, 1 left on base; Portland 5 - Houston 2 |
| BOTTOM OF THE 6TH |
|
Houston Colt .45's batting - Pitching for Portland Angels : RHP Dean Aspden
|
|
Pitching: LHP Kichizo Nakazawa
|
|
|
Batting: RHB Jarno van Lente
|
0-0: Foul Ball, location: 2F 0-1: Ball 1-1: Ball 2-1: Foul Ball, location: 2F 2-2: Foul Ball, location: 2F 2-2: Ball 3-2: Foul Ball, location: 2F 3-2: Foul Ball, location: 2F 3-2: Base on Balls
|
|
Batting: LHB Bob Govella
|
0-0: Called Strike 0-1: Foul Ball, location: 2F 0-2: Ball 1-2: Strikes out swinging
|
|
Batting: RHB John Moore
|
0-0: Called Strike 0-1: SINGLE (Groundball, 34D, EV 105.6 MPH) Jarno van Lente to second Runner from 2nd tries for 3rd, SAFE, throw by RF made to third
|
|
Batting: SHB Terciero Ortiz
|
0-0: Ball Wild Pitch! Jarno van Lente scores John Moore to second 1-0: Swinging Strike 1-1: Foul Ball, location: 2F 1-2: Ball Passed Ball! John Moore to third 2-2: Ball 3-2: Strikes out swinging
|
|
Batting: RHB Patrick Pinault
|
0-0: Called Strike 0-1: Ball 1-1: Fly out, F8 (Flyball, 78D, EV 105.6 MPH)
|
| Bottom of the 6th over - 1 run, 1 hit, 0 errors, 1 left on base; Portland 5 - Houston 3 |
| TOP OF THE 7TH |
|
Portland Angels batting - Pitching for Houston Colt .45's : LHP Jorge Ortiz
|
|
Batting: RHB Aaron Bryant
|
0-0: Ball 1-0: Fly out, F8 (Flyball, 8RM, EV 89.4 MPH)
|
|
Batting: RHB Carlos Gonzales
|
0-0: Ball 1-0: Ball 2-0: Called Strike 2-1: Ball 3-1: Base on Balls
|
|
Batting: LHB Dave Hicks
|
0-0: Ball 1-0: Called Strike 1-1: Swinging Strike 1-2: Foul Ball, location: 2F 1-2: Strikes out swinging
|
|
Batting: RHB Dan Myers
|
0-0: Swinging Strike 0-1: Ball 1-1: Foul Ball, location: 2F 1-2: Foul Ball, location: 2F 1-2: Foul Ball, location: 2F 1-2: Strikes out swinging, 2-3 out at first.
|
| Top of the 7th over - 0 runs, 0 hits, 0 errors, 1 left on base; Portland 5 - Houston 3 |
| BOTTOM OF THE 7TH |
|
Houston Colt .45's batting - Pitching for Portland Angels : LHP Kichizo Nakazawa
|
|
Batting: LHB Ryan Fridley
|
0-0: Called Strike 0-1: Foul Ball, location: 2F 0-2: Strikes out swinging
|
|
Pitching: LHP Yee Koh
|
|
|
Batting: RHB Daniel Pena
|
0-0: Foul Ball, location: 2F 0-1: Swinging Strike 0-2: Ball 1-2: SOLO HOME RUN (Flyball, 7D, EV 96.9 MPH), Distance : 366 ft
|
|
Batting: LHB Bruce Arvizu
|
0-0: Foul Ball, location: 2F 0-1: Foul Ball, location: 2F 0-2: Ground out U3 (Groundball, 34, EV 80.0 MPH)
|
|
Batting: RHB Jason Monico
|
0-0: Ball 1-0: Swinging Strike 1-1: Ball 2-1: Ball 3-1: Base on Balls
|
|
Batting: RHB Jarno van Lente
|
0-0: Called Strike 0-1: Ball 1-1: Foul Ball, location: 2F 1-2: Ball 2-2: Ball Jason Monico is caught stealing 2nd base 2-4
|
| Bottom of the 7th over - 1 run, 1 hit, 0 errors, 0 left on base; Portland 5 - Houston 4 |
| TOP OF THE 8TH |
|
Portland Angels batting - Pitching for Houston Colt .45's : LHP Jorge Ortiz
|
|
Pitching: RHP Tim Evans
|
|
|
Batting: LHB Ramon Garduno
|
0-0: Called Strike 0-1: Swinging Strike 0-2: Ball 1-2: Foul Ball, location: 2F 1-2: Strikes out swinging, 2-3 out at first.
|
|
Batting: SHB Danny Gelinas
|
0-0: SOLO HOME RUN (Line Drive, 9D, EV 99.4 MPH), Distance : 387 ft
|
|
Batting: SHB Yuya Hirata
|
0-0: Called Strike 0-1: SINGLE (Groundball, 34D, EV 98.8 MPH)
|
|
Batting: RHB Dan Thomey
|
0-0: Ball 1-0: Ball Yuya Hirata steals 2nd base 2-0: Ball Wild Pitch! Yuya Hirata to third 3-0: Called Strike 3-1: Called Strike 3-2: Strikes out looking
|
|
Batting: LHB Bill Girton
|
0-0: Called Strike 0-1: Foul Ball, location: 2F 0-2: Ball 1-2: Ball 2-2: Ground out 5-3 (Groundball, 5, EV 88.1 MPH)
|
| Top of the 8th over - 1 run, 2 hits, 0 errors, 1 left on base; Portland 6 - Houston 4 |
| BOTTOM OF THE 8TH |
|
Houston Colt .45's batting - Pitching for Portland Angels : LHP Yee Koh
|
|
Now at 1B: Arnaud Derosiers
|
|
|
Batting: RHB Jarno van Lente
|
0-0: Ball 1-0: Foul Ball, location: 2F 1-1: Swinging Strike 1-2: Strikes out swinging, 2-3 out at first.
|
|
Batting: LHB Bob Govella
|
0-0: Called Strike 0-1: Ball 1-1: Foul Ball, location: 2F 1-2: Strikes out swinging
|
|
Batting: RHB John Moore
|
0-0: Swinging Strike 0-1: Called Strike 0-2: Ball 1-2: Ball 2-2: Ball 3-2: Strikes out swinging
|
| Bottom of the 8th over - 0 runs, 0 hits, 0 errors, 0 left on base; Portland 6 - Houston 4 |
| TOP OF THE 9TH |
|
Portland Angels batting - Pitching for Houston Colt .45's : RHP Tim Evans
|
|
Batting: RHB Aaron Bryant
|
0-0: Called Strike 0-1: Ground out 6-3 (Groundball, 6, EV 81.2 MPH)
|
|
Batting: RHB Carlos Gonzales
|
0-0: Ball 1-0: Foul Ball, location: 2F 1-1: Fly out, F7 (Flyball, 7LSF, EV 94.4 MPH)
|
|
Pitching: LHP Bernard Grose
|
|
|
Batting: LHB Dave Hicks
|
0-0: Ball 1-0: Fly out, F5 (Popup, 56S, EV 78.1 MPH)
|
| Top of the 9th over - 0 runs, 0 hits, 0 errors, 0 left on base; Portland 6 - Houston 4 |
| BOTTOM OF THE 9TH |
|
Houston Colt .45's batting - Pitching for Portland Angels : LHP Yee Koh
|
|
Now at SS: Mario Martinez
|
|
|
Batting: SHB Terciero Ortiz
|
0-0: Ball 1-0: Ball 2-0: Called Strike 2-1: Foul Ball, location: 2F 2-2: DOUBLE (Line Drive, 7LS, EV 109.4 MPH)
|
|
Pitching: RHP Javier Carrasco
|
|
|
Batting: RHB Patrick Pinault
|
0-0: Ball Passed Ball! Terciero Ortiz to third 1-0: SINGLE (Line Drive, 56D, EV 95.6 MPH) Terciero Ortiz scores
|
|
Batting: LHB Ryan Fridley
|
0-0: Ball 1-0: Grounds into double play, 4-6-3 (Groundball, 4, EV 89.4 MPH)
|
|
Batting: RHB Daniel Pena
|
0-0: Foul Ball, location: 2F 0-1: Swinging Strike 0-2: SINGLE (Line Drive, 34, EV 108.1 MPH)
|
|
Batting: LHB Bruce Arvizu
|
0-0: Called Strike 0-1: Foul Ball, location: 2F 0-2: Ball 1-2: Foul Ball, location: 2F 1-2: Ball 2-2: Ball 3-2: Base on Balls Daniel Pena to second
|
|
Batting: RHB Jason Monico
|
0-0: Swinging Strike 0-1: Swinging Strike 0-2: Ball 1-2: Strikes out looking
|
| Bottom of the 9th over - 1 run, 3 hits, 0 errors, 2 left on base; Portland 6 - Houston 5 |
|